%YAML 1.1
%TAG !u! tag:unity3d.com,2011:
--- !u!1 &954291930065695785
GameObject:
  m_ObjectHideFlags: 0
  m_CorrespondingSourceObject: {fileID: 0}
  m_PrefabInstance: {fileID: 0}
  m_PrefabAsset: {fileID: 0}
  serializedVersion: 6
  m_Component:
  - component: {fileID: 954291930065695787}
  - component: {fileID: 954291930065695784}
  m_Layer: 0
  m_Name: empty 1
  m_TagString: Untagged
  m_Icon: {fileID: 0}
  m_NavMeshLayer: 0
  m_StaticEditorFlags: 0
  m_IsActive: 1
--- !u!4 &954291930065695787
Transform:
  m_ObjectHideFlags: 0
  m_CorrespondingSourceObject: {fileID: 0}
  m_PrefabInstance: {fileID: 0}
  m_PrefabAsset: {fileID: 0}
  m_GameObject: {fileID: 954291930065695785}
  m_LocalRotation: {x: 0, y: 0, z: 0, w: 1}
  m_LocalPosition: {x: -0.41538686, y: 0.022131428, z: -1.2711047}
  m_LocalScale: {x: 1, y: 1, z: 1}
  m_Children:
  - {fileID: 2099910830191260702}
  m_Father: {fileID: 0}
  m_RootOrder: 0
  m_LocalEulerAnglesHint: {x: 0, y: 0, z: 0}
--- !u!114 &954291930065695784
MonoBehaviour:
  m_ObjectHideFlags: 0
  m_CorrespondingSourceObject: {fileID: 0}
  m_PrefabInstance: {fileID: 0}
  m_PrefabAsset: {fileID: 0}
  m_GameObject: {fileID: 954291930065695785}
  m_Enabled: 1
  m_EditorHideFlags: 0
  m_Script: {fileID: 11500000, guid: 0c803711ead3c264cbb88d7912712cba, type: 3}
  m_Name: 
  m_EditorClassIdentifier: 
  id: 0
  hpheal: 0
  foodheal: 0
  icon: {fileID: 0}
  refer: {fileID: 0}
  empty: {fileID: 0}
  cost: 0
  mn: {fileID: 0}
  Emptyspace: {fileID: 0}
  st: {fileID: 0}
  count: 0
  Space: {fileID: 0}
  num:
  - {fileID: 6599559836762489963, guid: f5e7f4b8197eccc4ebe12394d91a029f, type: 3}
  - {fileID: -7192450909760205747, guid: f5e7f4b8197eccc4ebe12394d91a029f, type: 3}
  - {fileID: 5916261365287416090, guid: f5e7f4b8197eccc4ebe12394d91a029f, type: 3}
  - {fileID: 242889399392092989, guid: f5e7f4b8197eccc4ebe12394d91a029f, type: 3}
  - {fileID: -8722991294138573633, guid: f5e7f4b8197eccc4ebe12394d91a029f, type: 3}
  - {fileID: -2234750252938422960, guid: f5e7f4b8197eccc4ebe12394d91a029f, type: 3}
  - {fileID: -8239084583328541145, guid: f5e7f4b8197eccc4ebe12394d91a029f, type: 3}
  - {fileID: -4539960789748929830, guid: f5e7f4b8197eccc4ebe12394d91a029f, type: 3}
  - {fileID: -6248017052044370082, guid: f5e7f4b8197eccc4ebe12394d91a029f, type: 3}
  - {fileID: -4112755207043663548, guid: f5e7f4b8197eccc4ebe12394d91a029f, type: 3}
  num0: {fileID: 765361085285859718, guid: 9f1ee031c45782d459b6cebd06599cff, type: 3}
--- !u!1 &7257460062175719261
GameObject:
  m_ObjectHideFlags: 0
  m_CorrespondingSourceObject: {fileID: 0}
  m_PrefabInstance: {fileID: 0}
  m_PrefabAsset: {fileID: 0}
  serializedVersion: 6
  m_Component:
  - component: {fileID: 2099910830191260702}
  - component: {fileID: 7822202470351731448}
  m_Layer: 0
  m_Name: Space
  m_TagString: Untagged
  m_Icon: {fileID: 0}
  m_NavMeshLayer: 0
  m_StaticEditorFlags: 0
  m_IsActive: 1
--- !u!224 &2099910830191260702
RectTransform:
  m_ObjectHideFlags: 0
  m_CorrespondingSourceObject: {fileID: 0}
  m_PrefabInstance: {fileID: 0}
  m_PrefabAsset: {fileID: 0}
  m_GameObject: {fileID: 7257460062175719261}
  m_LocalRotation: {x: -0, y: -0, z: -0, w: 1}
  m_LocalPosition: {x: 0, y: 0, z: -0.2212472}
  m_LocalScale: {x: 1, y: 1, z: 1}
  m_Children: []
  m_Father: {fileID: 954291930065695787}
  m_RootOrder: 0
  m_LocalEulerAnglesHint: {x: 0, y: 0, z: 0}
  m_AnchorMin: {x: 0.5, y: 0.5}
  m_AnchorMax: {x: 0.5, y: 0.5}
  m_AnchoredPosition: {x: 261.91537, y: 449.43277}
  m_SizeDelta: {x: 50, y: 14.9104}
  m_Pivot: {x: 0.5, y: 0.5}
--- !u!114 &7822202470351731448
MonoBehaviour:
  m_ObjectHideFlags: 0
  m_CorrespondingSourceObject: {fileID: 0}
  m_PrefabInstance: {fileID: 0}
  m_PrefabAsset: {fileID: 0}
  m_GameObject: {fileID: 7257460062175719261}
  m_Enabled: 1
  m_EditorHideFlags: 0
  m_Script: {fileID: 11500000, guid: 8a8695521f0d02e499659fee002a26c2, type: 3}
  m_Name: 
  m_EditorClassIdentifier: 
  m_Padding:
    m_Left: 0
    m_Right: 0
    m_Top: 0
    m_Bottom: 0
  m_ChildAlignment: 2
  m_StartCorner: 0
  m_StartAxis: 0
  m_CellSize: {x: 9, y: 15}
  m_Spacing: {x: 4.7, y: 0}
  m_Constraint: 0
  m_ConstraintCount: 2
